 Dungeon Crawl Stone Soup version 0.21-a0-634-gaf8bc5d (webtiles) character file.

146 Amnesiac the Poker (level 5, 0/38 HPs)
             Began as a Demonspawn Skald on Dec 30, 2017.
             Succumbed to an adder's poison
             ... on level 2 of the Dungeon.
             The game lasted 00:02:37 (1587 turns).

Amnesiac the Poker (Demonspawn Skald)               Turns: 1587, Time: 00:02:37

Health: 0/38       AC:  3    Str: 12    XL:     5   Next: 7%
Magic:  4/8        EV: 12    Int: 14    God:
Gold:   41         SH:  0    Dex: 13    Spells: 2/8 levels left

rFire    . . .     SeeInvis .   a - +0 spear
rCold    . . .     Gourm    .   (no shield)
rNeg     . . .     Faith    .   b - +0 leather armour
rPois    .         Spirit   .   (helmet restricted)
rElec    .         Reflect  .   (no cloak)
rCorr    .         Harm     .   (no gloves)
MR       .....                  (no boots)
Stlth    +.........             (no amulet)
HPRegen  0.12/turn              (no ring)
MPRegen  0.11/turn              (no ring)

@: lethally poisoned (0 -> -19)
A: horns 1, spiny 1
a: no special abilities


You were on level 2 of the Dungeon.
You were hungry.

You visited 1 branch of the dungeon, and saw 2 of its levels.

You collected 41 gold pieces.

Inventory:

Hand Weapons
 a - a +0 spear (weapon)
Missiles
 e - 43 stones (quivered)
 i - 5 curare-tipped needles
 l - 23 poisoned needles
Armour
 b - a +0 leather armour (worn)
Jewellery
 m - a +3 amulet of reflection {unknown}
Scrolls
 g - 5 scrolls of remove curse {!r, unknown}
 h - 2 scrolls of identify {!r, unknown}
 k - a scroll of enchant weapon {!r, unknown}
 n - a scroll of immolation {!r, unknown}
Books
 c - a book of Battle

   Spells                             Type                      Level
   a - Infusion                       Charms                       1
   b - Shroud of Golubria             Charms/Translocation         2
   c - Song of Slaying                Charms                       2
   d - Spectral Weapon                Hexes/Charms                 3
   e - Regeneration                   Charms/Necromancy            3
Comestibles
 d - 4 rations
 f - 3 chunks of flesh


   Skills:
 - Level 2.0 Fighting
 - Level 4.1 Polearms
 - Level 0.8 Armour
 - Level 1.7 Dodging
 - Level 2.0 Spellcasting
 + Level 1.9 Hexes
 - Level 3.0 Charms


You had 2 spell levels left.
You knew the following spells:

 Your Spells              Type           Power        Failure   Level  Hunger
a - Infusion              Chrm           ##..         9%          1    ##.....
b - Spectral Weapon       Hex/Chrm       #.......     32%         3    ####...
c - Song of Slaying       Chrm           ##......     13%         2    ###....


Dungeon Overview and Level Annotations

Branches:
Dungeon (2/15)

Altars:


Innate Abilities, Weirdness & Mutations

You have a pair of small horns on your head.
You are partially covered in sharp spines.


Message History

The quokka is struck by your spines. The quokka barely misses you.
A gnoll comes into view. It is wielding a spear.
You see here a leopard gecko corpse.
The gnoll barely misses you. The quokka closely misses you.
The quokka barely misses you.
You are feeling hungry.
An adder comes into view.
The adder hisses angrily.
Found 15 arrows.
The quokka is struck by your spines.
You kill the quokka!
Casting: Spectral Weapon
Confirm with . or Enter, or press ? or * to list all spells.
You draw out your weapon's spirit!
The adder bites you but does no damage.
The gnoll hits you from afar with a spear of venom.
You are poisoned.
You feel sick. The gnoll is struck by your spines.
The gnoll hits you with a spear of venom.
The adder bites you.
You hit the gnoll. You headbutt the gnoll.
The gnoll is moderately wounded.
The gnoll hits you but does no damage.
You are lethally poisoned!
The adder is struck by your spines. The adder bites you.
You hit the gnoll.
The gnoll is moderately wounded.
* * * LOW HITPOINT WARNING * * *
You feel sick.
The gnoll hits you from afar with a spear.
* * * LOW HITPOINT WARNING * * *
The adder closely misses you.
The gnoll hits your spectral weapon with a spear of venom.
Your spectral weapon shares its damage with you!
* * * LOW HITPOINT WARNING * * *
Really quaff
j - a metallic ruby potion {!q}?
It was a potion of cancellation {!q}.
You feel magically purged.
* * * LOW HITPOINT WARNING * * *
You feel sick. The adder is struck by your spines. The adder bites you.
* * * LOW HITPOINT WARNING * * *
You are more poisoned.
The adder poisons you! The gnoll barely misses you.
The gnoll hits your spectral weapon with a spear of venom.
Your spectral weapon shares its damage with you!
* * * LOW HITPOINT WARNING * * *
You closely miss the gnoll. You headbutt the gnoll.
You kill the gnoll!
You have reached level 5!
* * * LOW HITPOINT WARNING * * *
You feel sick. The adder barely misses you. The gnoll closely misses you.
Unknown command.
Attack whom?
Press: ? - help, Dir - move target cursor, f - gnoll
Aim: a gnoll, wielding a spear You reach to attack!
You hit the gnoll but do no damage.
* * * LOW HITPOINT WARNING * * *
You feel sick. The adder is struck by your spines. The adder misses you.
The gnoll misses you. The adder is struck by your spines. The adder misses you.
Attack whom?
Press: ? - help, Dir - move target cursor, f/p - gnoll
Aim: a gnoll, wielding a spear You reach to attack!
You hit the gnoll.
The gnoll is moderately wounded.
You die...

#.#.............
#.#.............
#.#..........#..
#.###...........
#(###g..........
#.##............
#.##g....##....
#S##.....# ...
#@###....##....
#()g...........
#####...........
#.............#
#..............
#...............
#...............
#......#........
#...##..........


You could see a gnoll, an adder and a friendly spectral spear.

Vanquished Creatures
  4 gnolls (D:2)
  6 adders (D:2)
  An ooze (D:1)
  2 worms (D:2)
  A leopard gecko (D:2)
  A giant cockroach (D:1)
  4 goblins (D:1)
  3 hobgoblins (D:2)
  A quokka (D:2)
  A ball python (D:1)
  9 bats
  4 frilled lizards
  7 kobolds
  6 rats
50 creatures vanquished.

Notes
Turn   | Place    | Note
-------+----------+-------------------------------------------
     0 | D:1      | Amnesiac the Demonspawn Skald began the quest for the Orb.
     0 | D:1      | Reached XP level 1. HP: 16/16 MP: 3/3
    35 | D:1      | Reached skill level 2 in Polearms
   123 | D:1      | Gained mutation: You are partially covered in sharp spines. [demonic ancestry]
   123 | D:1      | Reached XP level 2. HP: 15/22 MP: 5/5
   164 | D:1      | Learned a level 2 spell: Song of Slaying
   343 | D:1      | Reached skill level 3 in Polearms
   582 | D:2      | Gained mutation: You have a pair of small horns on your head. [demonic ancestry]
   582 | D:2      | Reached XP level 3. HP: 27/27 MP: 6/6
   964 | D:2      | Reached skill level 4 in Polearms
   964 | D:2      | Reached XP level 4. HP: 15/33 MP: 7/7
   972 | D:2      | Learned a level 3 spell: Spectral Weapon
  1507 | D:2      | Reached skill level 1 in Hexes
  1585 | D:2      | Reached XP level 5. HP: 4/38 MP: 4/8
  1586 | D:2      | HP: 1/38 [poisoned by an adder]
  1587 | D:2      | Succumbed to an adder's poison

Vault maps used:
D:1:      saegor_arrival_simple_d
D:2:      kb_forest_paths, st_stairs_10

Skill      XL: |  1  2  3  4 |
---------------+-------------+-----
Polearms       | 2 3 4 |  4.1
Charms         | 3 |  3.0
Hexes          | 1 |  1.9
Fighting       | |  2.0
Armour         | |  0.8
Dodging        | |  1.7
Spellcasting   | |  2.0

Action                   |  1- 3 |  4- 6 || total
-------------------------+-------+-------++-------
Melee: Spear             |   111 |    32 ||   143
       Headbutt          |     4 |     5 ||     9
 Cast: Infusion          |     1 |       ||     1
       Song of Slaying   |       |     2 ||     2
       Spectral Weapon   |       |     2 ||     2
  Use: Potion            |     2 |     1 ||     3
 Stab: Sleeping          |     3 |       ||     3
       Invisible         |       |     2 ||     2
  Eat: Chunk             |       |     2 ||     2
Armor: Leather armour    |    21 |     1 ||    22
Dodge: Dodged            |    55 |    23 ||    78

Table legend:
 A = Spawn XP
 B = Non-spawn XP
 C = Spawn XP percentage of total XP
 D = Spawn monster count
 E = Non-spawn monster count
 F = Spawn count percentage of total count
 G = Total turns spent on level
                    A         B        C        D         E        F      G
               +---------+---------+-------+---------+---------+-------+---------
         Total |       0 |     209 |   0.0 |       0 |      50 |   0.0 |  1587
               +---------+---------+-------+---------+---------+-------+---------
           D:1 |       0 |      37 |   0.0 |       0 |      23 |   0.0 |   518
           D:2 |       0 |     172 |   0.0 |       0 |      27 |   0.0 |  1069
               +---------+---------+-------+---------+---------+-------+---------
